AoeStats
← EL TIGRE ABELARDO

Arena

510543228Analyzed
4v4 RM · 2d ago on Oct 1, 2026· 41m 36s· 8 players
Game mode
Random Map
Map size
Large (8 player)
Population
200
Speed
Normal
Resources
Standard
Victory
Conquest
Starting age
Dark Age
Ending age
Imperial Age
RankedLock teamsTeams togetherTeam positionsShared explorationLock speedFull tech treeHidden civsTurbo modeCheats
Victory
Defeat
🇨🇳 Danes · China
1990
+7
🇨🇳 Saxons · China
1977
+7
🇨🇳 Teutons · China
1628
+19
🇭🇰 Teutons · Hong Kong SAR China
1465
+25
🇩🇪 Danes · Germany
1819
-18
🇨🇳 Mongols · China
1755
-15
1713
-14
🇨🇴 Mongols · Colombia
1648
-11
EL TIGRE ABELARDO
10:48 Feudal Age
11:34 Feudal Age
12:50 Double-Bit Axe
13:16 Horse Collar
15:42 Castle Age
14:59 Fletching
16:30 Wheelbarrow
15:50 Gold Mining
16:44 Bow Saw
17:09 Heavy Plow
20:37 Bodkin Arrow
23:43 Gold Shaft Mining
23:34 Loom
23:36 Town Watch
23:45 Stone Mining
26:30 Padded Archer Armor
26:35 Scale Barding Armor
27:28 Ballistics
28:54 Leather Archer Armor
31:33 Imperial Age
30:29 Stone Shaft Mining
30:39 Hand Cart
30:48 Chain Barding Armor
30:50 Town Patrol
32:07 Forging
32:20 Bracer
33:23 Chemistry
33:17 Bloodlines
33:08 Husbandry
33:15 Light Cavalry
35:22 Iron Casting
34:56 Elite Mangudai
35:56 Hussar
37:37 Blast Furnace
37:45 Masonry
40:25 Conscription
清远华
10:04 Feudal Age
14:06 Castle Age
11:57 Double-Bit Axe
12:37 Horse Collar
15:07 Bow Saw
26:53 Imperial Age
24:10 Loom
25:27 Ballistics
25:00 Fletching
25:10 Padded Archer Armor
26:10 Bodkin Arrow
26:47 Gold Mining
26:48 Stone Mining
27:17 Leather Archer Armor
28:12 Wheelbarrow
27:59 Conscription
28:19 Gold Shaft Mining
29:17 Chemistry
28:24 Husbandry
28:34 Bloodlines
28:46 Scale Barding Armor
29:00 Heavy Plow
29:25 Elite Steppe Lancer
31:50 Chain Barding Armor
33:34 Forging
35:28 Iron Casting
34:28 Light Cavalry
34:53 Capped Ram
37:20 Siege Engineers
37:26 Masonry
37:08 Onager
38:38 Siege Onager
trói em vào cột điện
9:38 Feudal Age
12:50 Wheelbarrow
12:01 Loom
15:04 Castle Age
33:32 Imperial Age
32:14 Wheelbarrow
34:06 Wheelbarrow
35:26 Wheelbarrow
38:13 Hand Cart
scout
5:10 Loom
12:52 Feudal Age
17:33 Castle Age
15:38 Double-Bit Axe
15:55 Horse Collar
17:05 Town Watch
18:59 Bow Saw
19:17 Heavy Plow
24:34 Wheelbarrow
26:41 Hand Cart
30:56 Imperial Age
28:36 Scale Mail Armor
28:54 Forging
28:44 Gold Mining
29:13 Squires
30:03 Chain Mail Armor
30:44 Iron Casting
30:15 Arson
31:25 Stone Mining
32:02 Conscription
31:22 Elite Varangian Guard
32:42 Plate Mail Armor
31:50 Hamask
36:48 Onager
38:35 Coinage
38:28 Siege Engineers
38:19 Siege Onager
38:49 Northmen's Fury
40:43 Banking
40:26 Caravan
_LY_Yo
10:02 Feudal Age
11:14 Double-Bit Axe
13:40 Castle Age
13:00 Horse Collar
16:39 Bow Saw
20:17 Wheelbarrow
20:39 Heavy Plow
22:00 Hand Cart
22:26 Gold Mining
22:41 Stone Mining
23:30 Town Watch
23:34 Loom
27:52 Imperial Age
26:00 Gold Shaft Mining
25:28 Scale Mail Armor
25:38 Treadmill Crane
26:12 Forging
26:35 Chain Mail Armor
26:43 Ballistics
27:48 Iron Casting
27:46 Squires
27:32 Arson
28:56 Conscription
29:07 Plate Mail Armor
29:57 Two-Man Saw
29:29 Crop Rotation
30:12 Chemistry
29:02 Fletching
30:29 Siege Engineers
30:44 Bodkin Arrow
30:11 Shield Wall
31:29 Bracer
30:52 Elite Hearth Troop
31:21 Pikeman
32:24 Masonry
31:35 Pikeman
34:14 Guilds
35:21 Architecture
35:07 Thumb Ring
35:11 Padded Archer Armor
35:36 Heavy Mounted Crossbowman
35:36 Cranequins
36:34 Murder Holes
37:34 Hoardings
37:56 Leather Archer Armor
39:15 Husbandry
39:28 Bloodlines
40:55 Sappers
41:58 Ring Archer Armor
5699
9:00 Feudal Age
9:30 Loom
25:59 Castle Age
24:24 Stone Mining
25:34 Gold Mining
26:50 Double-Bit Axe
31:23 Fortified Wall
啥牌子的
5:46 Loom
8:28 Feudal Age
12:06 Fletching
17:14 Horse Collar
17:20 Double-Bit Axe
24:34 Wheelbarrow
23:44 Town Watch
28:11 Castle Age
29:18 Gold Mining
32:29 Imperial Age
30:36 Bow Saw
31:36 Heavy Plow
32:04 Guard Tower
33:42 Bodkin Arrow
38:53 Coinage
39:43 Stone Mining
41:03 Scale Barding Armor
41:08 Forging
40:30 Cavalier
41:20 Bloodlines
41:30 Hand Cart
42:05 Banking
42:11 Chain Barding Armor
_LY_lyx
9:59 Feudal Age
13:35 Castle Age
11:32 Horse Collar
12:29 Double-Bit Axe
15:00 Bow Saw
17:30 Wheelbarrow
17:36 Heavy Plow
21:03 Hand Cart
20:47 Stone Mining
20:47 Gold Mining
21:44 Gold Mining
22:51 Loom
22:52 Town Watch
24:21 Gold Shaft Mining
27:36 Imperial Age
25:39 Scale Mail Armor
27:50 Chain Mail Armor
27:45 Forging
27:36 Squires
27:55 Onager
28:42 Siege Engineers
28:45 Northmen's Fury
29:53 Conscription
29:16 Heavy Scorpion
30:57 Ballistics
31:37 Chemistry
31:42 Chemistry
32:06 Coinage
31:11 Pikeman
31:40 Hamask
32:21 Halberdier
33:50 Iron Casting
34:10 Banking
34:23 Plate Mail Armor
33:40 Arson
33:41 Gambesons
34:27 Siege Onager
36:40 Blast Furnace
36:14 Capped Ram
37:02 Elite Jomsviking
40:20 Siege Ram
Connection lost

Rejoining the realm…

Still unreachable

The connection could not be restored.

Session expired

The server has moved on; the page needs a fresh start.